General information
- name: BNet
- type: Ladder team game (AT/RT)
- host: Battle.net
- saver: timg4strok
map: Avalanche
- players: 4
- length: 19:15
- speed: Fast
- version: 1.21 W3XP
- replay type:

» download(135 KB)
Players
team 1 (winner)

»
iggy_the_fisk (
green | 108 APM | 2079 actions | 19:14)
4 Death Knight
2 Death Coil
2 Unholy Aura
4 Lich
2 Frost Nova
2 Frost Armor
» actions
| Assign group hotkey | 81 | |
| Basic commands | 36 | |
| Build / train | 58 | |
| Enter build submenu | 12 | |
| Enter hero's abilities submenu | 8 | |
| Remove unit from queue | 2 | |
| Right click | 1114 | |
| Select / deselect | 335 | |
| Select group hotkey | 332 | |
| Use ability | 101 | |
2079 total
» units
| Acolyte | 2 | |
| Ghoul | 1 | |
| Crypt Fiend | 16 | |
| Obsidian Statue | 6 | |
25 total
» upgrades
| Creature Attack | 2 | |
| Burrow | 1 | |
| Destroyer Form | 1 | |
| Web | 1 | |
5 total
» buildings
| Crypt | 1 | |
| Graveyard | 1 | |
| Altar of Darkness | 1 | |
| Ziggurat | 5 | |
| Tomb of Relics | 1 | |
| Nerubian Tower | 4 | |
| Halls of the Dead | 1 | |
| Slaughterhouse | 1 | |
| Black Citadel | 1 | |
16 total
» build order
00:07 Crypt
00:23 Graveyard
00:38 Altar of Darkness
00:50 Ziggurat
01:17 Tomb of Relics
01:31 Ziggurat
02:01 Nerubian Tower
02:02 Nerubian Tower
02:02 Nerubian Tower
03:54 Halls of the Dead
05:44 Ziggurat
06:38 Slaughterhouse
10:15 Black Citadel
10:53 Ziggurat
16:41 Ziggurat
» items
| Rod of Necromancy | 1 | |
| Dust of Appearance | 1 | |
| Scroll of Town Portal | 3 | |
| Potion of Healing | 1 | |
6 total

»
timg4strok (
yellow | 125 APM | 2400 actions | 19:15)
5 Archmage
3 Summon Water Elemental
2 Brilliance Aura
4 Mountain King
2 Storm Bolt
2 Bash
» actions
| Assign group hotkey | 28 | |
| Basic commands | 156 | |
| Build / train | 59 | |
| ESC pressed | 1 | |
| Enter build submenu | 17 | |
| Enter hero's abilities submenu | 9 | |
| Right click | 1043 | |
| Select / deselect | 322 | |
| Select group hotkey | 669 | |
| Use ability | 96 | |
2400 total
» units
| Peasant | 15 | |
| Footman | 8 | |
| Sorceress | 4 | |
| Spell Breaker | 7 | |
| Priest | 2 | |
36 total
» upgrades
| Sorceress Training | 1 | |
| Magic Sentry | 1 | |
| Priest Training | 1 | |
3 total
» buildings
| Altar of Kings | 1 | |
| Barracks | 1 | |
| Farm | 8 | |
| Scout Tower | 2 | |
| Arcane Tower | 2 | |
| Arcane Vault | 2 | |
| Keep | 1 | |
| Arcane Sanctum | 2 | |
| Castle | 1 | |
| Town Hall | 1 | |
21 total
» build order
00:08 Altar of Kings
00:10 Barracks
00:25 Farm
01:08 Farm
01:51 Farm
01:53 Scout Tower
03:16 Arcane Tower
04:02 Arcane Vault
04:05 Keep
04:16 Farm
06:29 Arcane Sanctum
06:33 Arcane Sanctum
08:43 Farm
08:45 Farm
09:06 Farm
11:34 Arcane Vault
15:16 Castle
15:31 Farm
16:13 Scout Tower
16:33 Town Hall
18:24 Arcane Tower
» items
| Scroll of Town Portal | 2 | |
| Potion of Healing | 1 | |
| Scroll of Regeneration | 1 | |
4 total
team 2 (loser)
xX_Dedao_Xx (
blue | 111 APM | 2139 actions | 19:14)
3 Blademaster
2 Wind Walk
1 Critical Strike
3 Shadow Hunter
2 Healing Wave
1 Hex
» actions
| Assign group hotkey | 56 | |
| Basic commands | 239 | |
| Build / train | 63 | |
| Enter build submenu | 15 | |
| Enter hero's abilities submenu | 8 | |
| Give item / drop item | 3 | |
| Right click | 887 | |
| Select / deselect | 319 | |
| Select group hotkey | 441 | |
| Use ability | 108 | |
2139 total
» units
| Peon | 9 | |
| Grunt | 21 | |
| Raider | 9 | |
| Wind Rider | 2 | |
| Demolisher | 2 | |
43 total
» upgrades
| Berserker Strength | 1 | |
| Ensnare | 1 | |
| Armor | 2 | |
| Melee Weapons | 2 | |
6 total
» buildings
| Altar of Storms | 1 | |
| Orc Burrow | 7 | |
| Barracks | 1 | |
| Stronghold | 1 | |
| Voodoo Lounge | 2 | |
| Beastiary | 1 | |
| War Mill | 2 | |
15 total
» build order
00:08 Altar of Storms
00:20 Orc Burrow
00:34 Barracks
01:28 Orc Burrow
02:32 Stronghold
04:05 Orc Burrow
04:06 Voodoo Lounge
05:32 Beastiary
07:38 Orc Burrow
07:40 War Mill
08:24 Orc Burrow
08:27 War Mill
10:47 Orc Burrow
16:14 Orc Burrow
17:52 Voodoo Lounge
» items
| Lesser Clarity Potion | 1 | |
| Healing Salve | 1 | |
2 total
xX_KinG_Xx (
orange | 150 APM | 2894 actions | 19:14)
4 Archmage
2 Summon Water Elemental
2 Brilliance Aura
3 Mountain King
2 Storm Bolt
1 Thunder Clap
1 Shadow Hunter
1 Hex
» actions
| Assign group hotkey | 95 | |
| Basic commands | 385 | |
| Build / train | 72 | |
| ESC pressed | 1 | |
| Enter build submenu | 24 | |
| Enter hero's abilities submenu | 8 | |
| Right click | 898 | |
| Select / deselect | 581 | |
| Select group hotkey | 696 | |
| Use ability | 134 | |
2894 total
» units
| Peasant | 16 | |
| Footman | 11 | |
| Sorceress | 1 | |
| Priest | 7 | |
| Rifleman | 9 | |
| Spell Breaker | 5 | |
49 total
» upgrades
» buildings
| Altar of Kings | 1 | |
| Barracks | 1 | |
| Farm | 10 | |
| Scout Tower | 6 | |
| Arcane Tower | 1 | |
| Keep | 1 | |
| Arcane Vault | 1 | |
| Lumber Mill | 1 | |
| Blacksmith | 1 | |
| Arcane Sanctum | 3 | |
| Guard Tower | 4 | |
30 total
» build order
00:07 Altar of Kings
00:21 Barracks
00:35 Farm
00:55 Farm
01:36 Farm
01:48 Scout Tower
02:22 Arcane Tower
03:23 Keep
04:08 Arcane Vault
04:13 Farm
04:15 Lumber Mill
05:13 Farm
05:27 Blacksmith
05:56 Farm
05:59 Arcane Sanctum
06:03 Arcane Sanctum
06:05 Arcane Sanctum
07:57 Farm
09:11 Farm
10:20 Farm
10:37 Farm
11:27 Scout Tower
11:28 Scout Tower
11:28 Scout Tower
11:33 Scout Tower
11:37 Scout Tower
11:53 Guard Tower
11:53 Guard Tower
11:53 Guard Tower
Chat log
(00:39 / All) xX_KinG_Xx: gg hf
(19:13 / All) xX_Dedao_Xx: GG
(19:14 / All) xX_KinG_Xx: gg